CLL
BAKERSFIELD BEARS @ LODI CRUSHERS
08/05/1982
 
TOP OF THE 1ST
Bakersfield Bears batting - Pitching for Lodi Crushers : LHP John Franco
Pitching: LHP John Franco
Batting: LHB Kevin Waller 0-0: Ball
1-0: Fly out, F7 (Line Drive, 7, EV 83.8 MPH)
Batting: RHB Steven Houlberg 0-0: Ball
1-0: Swinging Strike
1-1: TRIPLE (Flyball, 89XD, EV 98.8 MPH)
Batting: RHB Randy Kutcher 0-0: Ball
1-0: Ball
2-0: Called Strike
2-1: Foul Ball, location: 2F
2-2: Ground out U3 (Groundball, 3L, EV 108.8 MPH)
Batting: LHB Gregory DeLaune 0-0: Ball
1-0: Foul Ball, location: 2F
1-1: Foul Ball, location: 2F
1-2: Ball
2-2: Ball
3-2: Fly out, F7 (Flyball, 78S, EV 93.8 MPH)
Top of the 1st over - 0 runs, 1 hit, 0 errors, 1 left on base; Bakersfield 0 - Lodi 0
BOTTOM OF THE 1ST
Lodi Crushers batting - Pitching for Bakersfield Bears : RHP Richard Egan
Pitching: RHP Richard Egan
Batting: LHB Kal Daniels 0-0: DOUBLE (Flyball, 8RXD, EV 95.0 MPH)
Batting: RHB Dave Lebeau 0-0: Ball
1-0: Ball
2-0: Called Strike
2-1: Foul Ball, location: 2F
2-2: Foul Ball, location: 2F
2-2: Fly out, F7 (Line Drive, 7D, EV 91.3 MPH)
Runner from 2nd tags up, SAFE at 3rd with throw by LF
Batting: RHB Carmelo Martinez 0-0: Ball
1-0: Ball
2-0: Called Strike
2-1: Foul Ball, location: 2F
2-2: Ball
3-2: Fly out, F7 (Flyball, 7, EV 89.4 MPH)
Batting: LHB Fred McGriff 0-0: Ball
1-0: Foul Ball, location: 2F
1-1: Fly out, F8 (Line Drive, 8RD, EV 93.1 MPH)
Bottom of the 1st over - 0 runs, 1 hit, 0 errors, 1 left on base; Bakersfield 0 - Lodi 0
TOP OF THE 2ND
Bakersfield Bears batting - Pitching for Lodi Crushers : LHP John Franco
Batting: RHB Antonio Alicea 0-0: Ground out U3 (Groundball, 34, EV 88.8 MPH)
Batting: LHB Danny Hernandez 0-0: Ball
1-0: Called Strike
1-1: Ball
2-1: Swinging Strike
2-2: Ball
3-2: Foul Ball, location: 2F
3-2: Fly out, F9 (Flyball, 9LM, EV 73.8 MPH)
Batting: RHB Trey Brooks 0-0: Swinging Strike
0-1: Fly out, F6 (Flyball, 56D, EV 82.5 MPH)
Top of the 2nd over - 0 runs, 0 hits, 0 errors, 0 left on base; Bakersfield 0 - Lodi 0
BOTTOM OF THE 2ND
Lodi Crushers batting - Pitching for Bakersfield Bears : RHP Richard Egan
Batting: RHB Terry McGriff 0-0: Ball
1-0: Ball
2-0: Foul Ball, location: 2F
2-1: Called Strike
2-2: Ball
3-2: SINGLE (Groundball, 6MD, EV 100.6 MPH)
Batting: RHB Mark Van Blaricom 0-0: Ball
1-0: Called Strike
1-1: Ball
2-1: Fly out, F7 (Flyball, 7LM, EV 92.5 MPH)
Batting: LHB Jeff Reed 0-0: Called Strike
0-1: Ball
1-1: Ball
2-1: Called Strike
2-2: Ball
3-2: Base on Balls
Terry McGriff to second
Batting: RHB Tom Nieto 0-0: Foul Ball, location: 2F
0-1: Called Strike
0-2: Strikes out looking
Batting: RHB Chris Baker 0-0: Called Strike
0-1: Ground out 5-3 (Groundball, 56, EV 100.6 MPH)
Bottom of the 2nd over - 0 runs, 1 hit, 0 errors, 2 left on base; Bakersfield 0 - Lodi 0
TOP OF THE 3RD
Bakersfield Bears batting - Pitching for Lodi Crushers : LHP John Franco
Batting: LHB Sal Rende 0-0: Ball
1-0: Swinging Strike
1-1: Ball
2-1: Swinging Strike
2-2: Ground out 4-3 (Groundball, 4S, EV 83.8 MPH)
Batting: RHB Kalvin Adams 0-0: Ball
1-0: Fly out, F8 (Flyball, 8RD, EV 99.4 MPH)
Batting: LHB Kevin Waller 0-0: SINGLE (Groundball, 34D, EV 111.9 MPH)
Batting: RHB Steven Houlberg 0-0: Called Strike
0-1: Foul Ball, location: 2F
0-2: SINGLE (Line Drive, 8RS, EV 104.4 MPH)
Kevin Waller to second
Batting: RHB Randy Kutcher 0-0: Ball
1-0: Ball
2-0: Ball
3-0: Called Strike
3-1: SINGLE (Groundball, 34S, EV 63.8 MPH) (infield hit)
Kevin Waller to third
Steven Houlberg to second
Batting: LHB Gregory DeLaune 0-0: Ball
1-0: Fly out, F9 (Flyball, 9, EV 90.0 MPH)
Top of the 3rd over - 0 runs, 3 hits, 0 errors, 3 left on base; Bakersfield 0 - Lodi 0
BOTTOM OF THE 3RD
Lodi Crushers batting - Pitching for Bakersfield Bears : RHP Richard Egan
Batting: LHB Kal Daniels 0-0: Ball
1-0: Called Strike
1-1: SOLO HOME RUN (Flyball, 89XD, EV 98.1 MPH), Distance : 405 ft
Batting: RHB Dave Lebeau 0-0: Swinging Strike
0-1: SINGLE (Groundball, 4M, EV 103.1 MPH) (infield hit)
Batting: RHB Carmelo Martinez 0-0: Fielders Choice at 2nd, 5-4 (Groundball, 56, EV 86.3 MPH)
Batting: LHB Fred McGriff 0-0: Ball
1-0: Ball
2-0: Ball
3-0: Base on Balls
Carmelo Martinez to second
Batting: RHB Terry McGriff 0-0: Called Strike
0-1: Ball
1-1: Fly out, F7 (Flyball, 7D, EV 108.8 MPH)
Runner from 2nd tags up, SAFE at 3rd, no throw by LF
Batting: RHB Mark Van Blaricom 0-0: Fielders Choice at 2nd, 5-4 (Groundball, 5, EV 96.9 MPH)
Bottom of the 3rd over - 1 run, 2 hits, 0 errors, 2 left on base; Bakersfield 0 - Lodi 1
TOP OF THE 4TH
Bakersfield Bears batting - Pitching for Lodi Crushers : LHP John Franco
Batting: RHB Antonio Alicea 0-0: Foul Ball, location: 2F
0-1: Ground out 4-3 (Groundball, 4, EV 81.9 MPH)
Batting: LHB Danny Hernandez 0-0: Ball
1-0: Called Strike
1-1: Ball
2-1: Ball
3-1: SINGLE (Line Drive, 78M, EV 96.9 MPH)
Batting: RHB Trey Brooks 0-0: Ball
1-0: Called Strike
1-1: Foul Ball, location: 2F
1-2: Ball
2-2: SINGLE (Line Drive, 8RS, EV 107.5 MPH)
Danny Hernandez to second
Batting: LHB Sal Rende 0-0: Ball
1-0: Called Strike
1-1: Ball
2-1: Foul Ball, location: 2F
2-2: SINGLE (Line Drive, 6MD, EV 101.3 MPH)
Danny Hernandez to third
Trey Brooks to second
Batting: RHB Kalvin Adams 0-0: Ball
1-0: Called Strike
1-1: Ball
2-1: Called Strike
2-2: Foul Ball, location: 2F
2-2: Foul Ball, location: 2F
2-2: SINGLE (Groundball, 5D, EV 100.6 MPH)
Danny Hernandez scores
Trey Brooks to third
Sal Rende to second
Runner from 3rd tries for Home, throw by LF and OUT! 7-2
Batting: LHB Kevin Waller 0-0: Ball
1-0: Ball
2-0: Called Strike
2-1: Swinging Strike
2-2: Ball
3-2: Strikes out looking
Top of the 4th over - 1 run, 4 hits, 0 errors, 2 left on base; Bakersfield 1 - Lodi 1
BOTTOM OF THE 4TH
Lodi Crushers batting - Pitching for Bakersfield Bears : RHP Richard Egan
Batting: LHB Jeff Reed 0-0: Ball
1-0: Ball
2-0: Ball
3-0: Base on Balls
Batting: RHB Tom Nieto 0-0: Called Strike
0-1: Fly out, F9 (Flyball, 9LS, EV 95.0 MPH)
Batting: RHB Chris Baker 0-0: Called Strike
0-1: Ball
1-1: Foul Ball, location: 2F
1-2: Foul Ball, location: 2F
1-2: Ball
2-2: Ball
3-2: Ground out 6-3 (Groundball, 6M, EV 88.8 MPH)
Jeff Reed to second
Batting: LHB Kal Daniels 0-0: Called Strike
0-1: Swinging Strike
0-2: Ball
1-2: Ball
2-2: Ball
3-2: Foul Ball, location: 2F
3-2: Foul Ball, location: 2F
3-2: Foul Ball, location: 2F
3-2: TRIPLE (Line Drive, 8LXD, EV 106.9 MPH)
Jeff Reed scores
Batting: RHB Dave Lebeau 0-0: Ball
1-0: Ball
2-0: Called Strike
2-1: Ball
3-1: Foul Ball, location: 2F
3-2: Base on Balls
Batting: RHB Carmelo Martinez 0-0: Ball
1-0: Foul Ball, location: 2F
1-1: Ground out 4-3 (Groundball, 13, EV 82.5 MPH)
Bottom of the 4th over - 1 run, 1 hit, 0 errors, 2 left on base; Bakersfield 1 - Lodi 2
TOP OF THE 5TH
Bakersfield Bears batting - Pitching for Lodi Crushers : LHP John Franco
Batting: RHB Steven Houlberg 0-0: Ball
1-0: Foul Ball, location: 2F
1-1: Foul Ball, location: 2F
1-2: Ball
2-2: Foul Ball, location: 2F
2-2: Ball
3-2: SINGLE (Flyball, 34D, EV 80.6 MPH)
Batting: RHB Randy Kutcher 0-0: Ball
1-0: Ball
2-0: Fly out, F3 (Popup, 3F, EV 58.8 MPH)
Batting: LHB Gregory DeLaune 0-0: Ball
1-0: Swinging Strike
1-1: Foul Ball, location: 2F
1-2: Fielders Choice at 2nd, 5-4 (Groundball, 5L, EV 89.4 MPH)
Batting: RHB Antonio Alicea 0-0: Called Strike
0-1: Ball
1-1: Ball
2-1: Fly out, F7 (Flyball, 78M, EV 91.3 MPH)
Top of the 5th over - 0 runs, 1 hit, 0 errors, 1 left on base; Bakersfield 1 - Lodi 2
BOTTOM OF THE 5TH
Lodi Crushers batting - Pitching for Bakersfield Bears : RHP Richard Egan
Batting: LHB Fred McGriff 0-0: Foul Ball, location: 2F
0-1: Foul Ball, location: 2F
0-2: Foul Ball, location: 2F
0-2: Foul Ball, location: 2F
0-2: SINGLE (Flyball, 9S, EV 88.1 MPH)
Batting: RHB Terry McGriff 0-0: Ball
1-0: Ball
2-0: Called Strike
2-1: Foul Ball, location: 2F
2-2: Ball
3-2: Base on Balls
Fred McGriff to second
Batting: RHB Mark Van Blaricom 0-0: Called Strike
0-1: Foul Ball, location: 2F
0-2: Fielders Choice at 2nd, 6-4 (Groundball, 6S, EV 85.6 MPH)
Fred McGriff to third
Batting: LHB Jeff Reed 0-0: Ball
1-0: Swinging Strike
1-1: Foul Ball, location: 2F
1-2: Fielders Choice at 2nd, 6-4 (Groundball, 56, EV 103.8 MPH)
Fred McGriff scores
Batting: RHB Tom Nieto 0-0: Ball
1-0: Ball
2-0: Fielders Choice at 2nd, U6 (Groundball, 6M, EV 84.4 MPH)
Bottom of the 5th over - 1 run, 1 hit, 0 errors, 1 left on base; Bakersfield 1 - Lodi 3
TOP OF THE 6TH
Bakersfield Bears batting - Pitching for Lodi Crushers : LHP John Franco
Batting: LHB Danny Hernandez 0-0: Ball
1-0: Ball
2-0: Ball
3-0: Called Strike
3-1: Fly out, F9 (Line Drive, 9D, EV 90.6 MPH)
Batting: RHB Trey Brooks 0-0: Called Strike
0-1: Ball
1-1: Ball
2-1: Ball
3-1: Base on Balls
Batting: LHB Sal Rende 0-0: Ball
1-0: Called Strike
1-1: Ball
2-1: Foul Ball, location: 2F
2-2: Foul Ball, location: 2F
2-2: Ball
3-2: Grounds into double play, 6-4-3 (Groundball, 6, EV 81.3 MPH)
Top of the 6th over - 0 runs, 0 hits, 0 errors, 0 left on base; Bakersfield 1 - Lodi 3
BOTTOM OF THE 6TH
Lodi Crushers batting - Pitching for Bakersfield Bears : RHP Richard Egan
Batting: RHB Chris Baker 0-0: Fly out, F7 (Flyball, 7S, EV 78.1 MPH)
Batting: LHB Kal Daniels 0-0: Ball
1-0: Ball
2-0: Ball
3-0: Base on Balls
Batting: RHB Dave Lebeau 0-0: Ball
1-0: Called Strike
1-1: Ball
2-1: Foul Ball, location: 2F
2-2: Foul Ball, location: 2F
2-2: Ball
3-2: Base on Balls
Kal Daniels to second
Batting: RHB Carmelo Martinez 0-0: Called Strike
0-1: Ball
1-1: Fly out, F8 (Flyball, 8LD, EV 88.8 MPH)
Batting: LHB Fred McGriff 0-0: Swinging Strike
0-1: Hit by Pitch
Kal Daniels to third
Dave Lebeau to second
Batting: RHB Terry McGriff 0-0: Foul Ball, location: 2F
0-1: Ball
1-1: Hit by Pitch
Kal Daniels scores
Dave Lebeau to third
Fred McGriff to second
Batting: RHB Mark Van Blaricom 0-0: Ball
1-0: Reached on error, E6 (Groundball, 6, EV 96.3 MPH)
Dave Lebeau scores
Fred McGriff to third
Terry McGriff to second
Pitching: RHP Ricky Henriquez
Batting: LHB Jeff Reed 0-0: Ball
1-0: Ball
2-0: Ball
3-0: Called Strike
3-1: Foul Ball, location: 2F
3-2: Ground out 4-3 (Groundball, 34, EV 107.5 MPH)
Bottom of the 6th over - 2 runs, 0 hits, 1 error, 3 left on base; Bakersfield 1 - Lodi 5
TOP OF THE 7TH
Bakersfield Bears batting - Pitching for Lodi Crushers : LHP John Franco
Batting: RHB Kalvin Adams 0-0: Called Strike
0-1: Swinging Strike
0-2: Foul Ball, location: 2F
0-2: SINGLE (Line Drive, 4D, EV 105.6 MPH)
Batting: LHB Kevin Waller 0-0: Swinging Strike
0-1: Called Strike
0-2: Ball
1-2: Foul Ball, location: 2F
1-2: Ball
2-2: Ball
3-2: Foul Ball, location: 2F
3-2: Fielders Choice at 2nd, 4-6 (Groundball, 4S, EV 83.8 MPH)
Batting: RHB Steven Houlberg 0-0: Called Strike
Kevin Waller steals 2nd base
0-1: Ball
1-1: Called Strike
1-2: Foul Ball, location: 2F
1-2: Ball
2-2: Ground out 5-3 (Groundball, 56S, EV 93.1 MPH)
Batting: RHB Randy Kutcher 0-0: Ground out U3 (Groundball, 3, EV 84.4 MPH)
Top of the 7th over - 0 runs, 1 hit, 0 errors, 1 left on base; Bakersfield 1 - Lodi 5
BOTTOM OF THE 7TH
Lodi Crushers batting - Pitching for Bakersfield Bears : RHP Ricky Henriquez
Batting: RHB Tom Nieto 0-0: Swinging Strike
0-1: Swinging Strike
0-2: Ball
1-2: Foul Ball, location: 2F
1-2: Ground out 5-3 (Groundball, 56, EV 93.8 MPH)
Batting: RHB Chris Baker 0-0: Ball
1-0: Fly out, F7 (Flyball, 7LD, EV 93.8 MPH)
Batting: LHB Kal Daniels 0-0: Called Strike
0-1: Ground out 6-3 (Groundball, 6, EV 90.0 MPH)
Bottom of the 7th over - 0 runs, 0 hits, 0 errors, 0 left on base; Bakersfield 1 - Lodi 5
TOP OF THE 8TH
Bakersfield Bears batting - Pitching for Lodi Crushers : LHP John Franco
Batting: LHB Gregory DeLaune 0-0: Swinging Strike
0-1: Ball
1-1: SINGLE (Flyball, 56D, EV 84.4 MPH)
Batting: RHB Antonio Alicea 0-0: Called Strike
0-1: Called Strike
0-2: Fly out, F8 (Flyball, 8LS, EV 93.1 MPH)
Batting: LHB Danny Hernandez 0-0: Grounds into double play, 4-6-3 (Groundball, 4, EV 93.1 MPH)
Top of the 8th over - 0 runs, 1 hit, 0 errors, 0 left on base; Bakersfield 1 - Lodi 5
BOTTOM OF THE 8TH
Lodi Crushers batting - Pitching for Bakersfield Bears : RHP Ricky Henriquez
Batting: RHB Dave Lebeau 0-0: Ground out 5-3 (Groundball, 56, EV 95.6 MPH)
Batting: RHB Carmelo Martinez 0-0: Ball
1-0: Ball
2-0: Foul Ball, location: 2F
2-1: Ball
3-1: Fly out, F3 (Popup, 3F, EV 58.1 MPH)
Batting: LHB Fred McGriff 0-0: DOUBLE (Groundball, 3L, EV 100.0 MPH)
Batting: RHB Terry McGriff 0-0: Ball
1-0: Called Strike
1-1: Reached on error, E6 (Groundball, 6, EV 101.9 MPH)
Fred McGriff scores
Batting: RHB Mark Van Blaricom 0-0: Fly out, F7 (Flyball, 7S, EV 95.6 MPH)
Bottom of the 8th over - 1 run, 1 hit, 1 error, 1 left on base; Bakersfield 1 - Lodi 6
TOP OF THE 9TH
Bakersfield Bears batting - Pitching for Lodi Crushers : LHP John Franco
Batting: RHB Trey Brooks 0-0: Ground out U3 (Groundball, 34, EV 76.9 MPH)
Batting: LHB Sal Rende 0-0: Ball
1-0: Ball
2-0: Swinging Strike
2-1: Ground out 4-3 (Groundball, 4, EV 86.3 MPH)
Batting: RHB Kalvin Adams 0-0: Ball
1-0: Called Strike
1-1: Foul Ball, location: 2F
1-2: Strikes out swinging
Top of the 9th over - 0 runs, 0 hits, 0 errors, 0 left on base; Bakersfield 1 - Lodi 6
Thursday, August 20th, 2020 - OOTP Baseball 21.5 Build 76